 Dungeon Crawl Stone Soup version 0.22-a0-196-gee22f27 (webtiles) character file.

277 jirachi the Shooter (level 6, -5/51 HPs)
             Began as a Minotaur Hunter on Feb 17, 2018.
             Slain by a gnoll
             ... wielding a +2 flail of crushing
              (10 damage)
             ... on level 6 of the Dungeon.
             The game lasted 00:13:18 (1946 turns).

jirachi the Shooter (Minotaur Hunter)               Turns: 1946, Time: 00:13:19

Health: -5/51      AC:  8    Str: 14 (17) XL:     6   Next: 4%
Magic:  5/5        EV:  7    Int:  5 (8)  God:    Xom [..*...]
Gold:   73         SH:  0    Dex:  9 (12) Spells: 5/5 levels left

rFire    . . .     SeeInvis .   a - +1 shortbow
rCold    . . .     Gourm    .   (shield currently unavailable)
rNeg     . . .     Faith    .   k - +0 chain mail
rPois    .         Spirit   .   (helmet restricted)
rElec    .         Reflect  .   (no cloak)
rCorr    .         Harm     .   (no gloves)
MR       .....                  (no boots)
Stlth    ..........             (no amulet)
HPRegen  0.17/turn              (no ring)
MPRegen  0.09/turn              (no ring)

@: no status effects
A: retaliatory headbutt, horns 2
a: Renounce Religion


You were on level 6 of the Dungeon.
You worshipped Xom.
You were a toy of Xom.
You were not hungry.

You visited 1 branch of the dungeon, and saw 6 of its levels.

You collected 73 gold pieces.

Inventory:

Hand Weapons
 a - a +1 shortbow (weapon)
 b - a +0 short sword
 h - a +0 club
 m - a +0 club
 r - a +0 dagger
 t - a +0 dagger
 w - a +0 quarterstaff
 z - a +0 hand axe
 B - a +0 hand axe
 D - a +0 dagger
 F - a +0 flail of protection
 G - a +0 dagger
Missiles
 d - 45 arrows (quivered)
 g - 81 stones
 o - 6 javelins
Armour
 c - a +0 leather armour
 k - a +0 chain mail (worn)
 q - a +0 robe
 x - a +0 ring mail
 y - a +0 chain mail
 A - a +0 ring mail
 C - a +0 chain mail
 E - a +0 robe
Scrolls
 j - a scroll of immolation {unknown}
 l - a scroll of identify {unknown}
 n - a scroll of random uselessness {unknown}
 s - 2 scrolls of fear {unknown}
 u - 2 scrolls of amnesia {unknown}


   Skills:
 + Level 3.5 Fighting
 + Level 6.7 Bows
 + Level 2.4 Armour
 + Level 3.3 Dodging
 + Level 0.8 Stealth


You had 5 spell levels left.
You didn't know any spells.

Dungeon Overview and Level Annotations

Branches:
Dungeon (6/15)
 Temple: D:4-7

Altars:
Hepliaklqana
Trog
Xom


Innate Abilities, Weirdness & Mutations

You reflexively headbutt those who attack you in melee.
You have a pair of horns on your head.


Message History

The gnoll closely misses you.
You feel better. The gnoll hits you but does no damage.
The gnoll hits you from afar with a spear.
The gnoll hits you with a flail.
* * * LOW HITPOINT WARNING * * *
The gnoll hits you with a flail.
* * * LOW HITPOINT WARNING * * *
You feel better. The gnoll barely misses you.
The gnoll hits you with a flail of crushing!
* * * LOW HITPOINT WARNING * * *
x2 The gnoll hits you but does no damage. x2
As you read the scroll labeled EGRIAP WECLAATZ, it crumbles to dust.
It is a scroll of enchant weapon.
Really abort (and waste the scroll)?
Really abort (and waste the scroll)?
Okay, then.
The gnoll hits you but does no damage.
The gnoll hits you with a flail of crushing!
You die...
Xom bursts into laughter!

# #######+##
.##
.........###...
.............#
.........g...#
.......gg(...#
.......@gZ...#
#######'######
##.###########
#............#
#............#
#............#
+............#
#............#
#............#


You could see 4 gnolls and a centaur zombie.

Vanquished Creatures
  A bullfrog (D:6)
  A scorpion (D:5)
  A bullfrog skeleton (D:5)
  An orc wizard (D:4)
  3 worker ants
  An adder (D:2)
  A worm (D:5)
  2 leopard geckos
  4 orcs (D:4)
  A giant cockroach (D:1)
  6 goblins
  A hobgoblin (D:1)
  2 kobolds
  5 bats
  A rat (D:3)
31 creatures vanquished.

Notes
Turn   | Place    | Note
-------+----------+-------------------------------------------
     0 | D:1      | jirachi the Minotaur Hunter began the quest for the Orb.
     0 | D:1      | Reached XP level 1. HP: 18/18 MP: 0/0
   219 | D:1      | Reached XP level 2. HP: 25/25 MP: 1/1
   470 | D:2      | Reached skill level 5 in Bows
   668 | D:3      | Reached XP level 3. HP: 30/30 MP: 2/2
   920 | D:4      | Reached skill level 1 in Armour
   920 | D:4      | Reached XP level 4. HP: 35/37 MP: 3/3
   984 | D:5      | Entered Level 5 of the Dungeon
   999 | D:5      | Reached XP level 5. HP: 22/45 MP: 4/4
  1094 | D:5      | Reached skill level 6 in Bows
  1811 | D:5      | Found a hazy altar of Hepliaklqana.
  1811 | D:5      | Found a bloodstained altar of Trog.
  1811 | D:5      | Found a shimmering altar of Xom.
  1839 | D:5      | Became a worshipper of Xom of Chaos
  1907 | D:6      | Reached XP level 6. HP: 51/51 MP: 5/5
  1942 | D:6      | HP: 1/51 [gnoll/flail (7)]
  1946 | D:6      | Slain by a gnoll

Vault maps used:
D:1:      minmay_arrival_radiant_lines
D:2:      cheibrodos_old_hovel, uniq_sigmund
D:4:      minmay_temple_entry_poolview
D:5:      gammafunk_temple_overflow_claw, first_ration, uniq_ijyb
D:6:      nicolae_whirlpool, wad_rectangle_vault, uniq_blork_the_orc

Skill      XL: |  1  2  3  4  5 |
---------------+----------------+-----
Bows           | 5 6 |  6.7
Armour         | 1 2 |  2.4
Dodging        | 3 |  3.3
Fighting       | 3 |  3.5
Stealth        | |  0.8

Action                   |  1- 3 |  4- 6 || total
-------------------------+-------+-------++-------
 Fire: Shortbow          |    54 |    47 ||   101
  Use: Potion            |       |     7 ||     7
       Scroll            |       |     1 ||     1
  Eat: Ration            |       |     1 ||     1
       Chunk             |       |     1 ||     1
Armor: Leather armour    |     4 |       ||     4
       Chain mail        |    26 |    21 ||    47
Dodge: Dodged            |    35 |    20 ||    55

Table legend:
 A = Spawn XP
 B = Non-spawn XP
 C = Spawn XP percentage of total XP
 D = Spawn monster count
 E = Non-spawn monster count
 F = Spawn count percentage of total count
 G = Total turns spent on level
                    A         B        C        D         E        F      G
               +---------+---------+-------+---------+---------+-------+---------
         Total |       0 |     396 |   0.0 |       0 |      31 |   0.0 |  1946
               +---------+---------+-------+---------+---------+-------+---------
           D:1 |       0 |      19 |   0.0 |       0 |      12 |   0.0 |   448
           D:2 |       0 |      18 |   0.0 |       0 |       3 |   0.0 |   148
           D:3 |       0 |       4 |   0.0 |       0 |       3 |   0.0 |   230
           D:4 |       0 |      87 |   0.0 |       0 |       7 |   0.0 |   158
           D:5 |       0 |     183 |   0.0 |       0 |       5 |   0.0 |   883
           D:6 |       0 |      85 |   0.0 |       0 |       1 |   0.0 |    79
               +---------+---------+-------+---------+---------+-------+---------
